Map: Eternal Empire LE

Players

KAOZ

  • Race: Terran Terran
  • League: Master
  • Spawn Location: 7:00

llllllllllll - Winner!

  • Race: Protoss Protoss
  • League: Master
  • Spawn Location: 1:00

VOD

Have the link to the VOD?

Description

Time

  • Played on: Dec. 16, 2019, 2:45 p.m.
  • Length: 12:37
Show
View Real Time Build Order
Export as new Build Order

KAOZ Terran 

Build Orders: Reaper Expand 

Get SALT Encoding   

  12  0:01  SCV  
  13  0:13  SCV  
  14  0:17  Supply Depot  
  14  0:25  SCV  
  15  0:39  SCV, Barracks  
  16  0:44  Refinery  
  16  0:51  SCV  
  17  1:03  SCV  
  18  1:15  SCV  
  19  1:27  Orbital Command, Reaper  
  20  1:45  Command Center  
  20  1:53  SCV  
  21  1:55  Supply Depot  
  21  2:00  Marine  
  22  2:05  SCV  
  23  2:11  Factory  
  23  2:17  Refinery  
  23  2:21  Barracks Reactor  
  23  2:22  SCV  
  24  2:34  SCV  
  25  2:46  SCV  
  26  2:55  Widow Mine, Starport  
  26  2:57  Marine x2  
  30  2:58  SCV  
  30  2:59  Orbital Command  
  31  3:10  SCV  
  32  3:15  Marine x2  
  32  3:17  Widow Mine  
  35  3:23  SCV  
  35  3:25  SCV  
  35  3:26  Supply Depot  
  37  3:32  Marine  
  37  3:33  Medivac, Marine  
  41  3:37  SCV x2  
  41  3:40  Factory Tech Lab  
  43  3:43  Barracks  
  43  3:50  Marine x2  
  43  3:51  Supply Depot  
  45  3:55  SCV  
  45  3:56  SCV  
  45  4:01  Barracks  
  47  4:04  Starport Tech Lab  
  47  4:09  SCV x2  
  49  4:10  Marine x2  
  51  4:18  Supply Depot  
  51  4:21  SCV x2, Factory Reactor  
  53  4:24  Engineering Bay  
  53  4:29  Raven  
  55  4:32  Refinery, Marine  
  55  4:34  Marine  
  55  4:37  SCV x2  
  59  4:47  Marauder  
  59  4:48  Stimpack  
  59  4:49  SCV  
  59  4:50  SCV  
  59  4:52  Marine x2  
  64  4:53  Marine  
  66  5:00  Terran Infantry Weapons Level 1  
  66  5:03  Refinery, SCV x2  
  66  5:05  Widow Mine  
  70  5:09  Supply Depot  
  70  5:10  Widow Mine  
  70  5:12  Marine x2  
  74  5:15  Marauder  
  76  5:23  SCV x2  
  78  5:31  Marauder  
  78  5:35  SCV  
  76  5:36  Marine x2, Marauder  
  76  5:50  SCV x2  
  76  5:52  Marauder  
  84  5:58  Marauder  
  84  6:01  Marine x2  
  84  6:08  Medivac  
  84  6:09  Medivac, Factory Reactor, Supply Depot  
  88  6:13  Marauder  
  88  6:14  Command Center  
  90  6:19  Marauder  
  90  6:20  Marine x2  
  90  6:24  Supply Depot  
  94  6:30  SCV, Concussive Shells  
  94  6:31  Combat Shield  
  95  6:35  Marauder  
  97  6:42  Marauder  
  97  6:43  Medivac, Marine  
  97  6:45  Marine  
  103  6:52  Supply Depot  
  103  6:53  Supply Depot  
  103  6:54  Widow Mine  
  103  6:55  Widow Mine  
  103  6:56  Marauder  
  109  7:07  Marine  
  110  7:13  Marine  
  110  7:14  Marauder, SCV  
  114  7:16  Widow Mine  
  114  7:17  Widow Mine  
  96  7:41  Marine x2, Marauder x2  
  97  7:45  SCV  
  97  7:46  SCV, Orbital Command  
  97  7:49  Viking x2  
  101  7:54  Barracks  
  101  7:55  Barracks  
  101  7:57  SCV  
  102  7:58  SCV  
  102  8:01  Starport  
  102  8:03  Marauder, Marine  
  102  8:04  Marine  
  102  8:05  Marauder  
  109  8:14  SCV x2  
  111  8:21  Marine x2, Viking  
  111  8:22  Viking  
  111  8:24  Marauder, Terran Infantry Armor Level 1  
  111  8:26  Marauder, SCV x2  
  123  8:37  SCV, Supply Depot  
  123  8:39  Marine x2, SCV  
  123  8:40  Supply Depot  
  127  8:42  Viking  
  127  8:45  Viking  
  127  8:46  Marauder  
  127  8:48  Marauder  
  135  8:56  SCV  
  136  9:05  Barracks Reactor, Barracks Tech Lab  
  136  9:06  Viking x2  
  140  9:10  Marauder x2, Marine  
  140  9:11  Marine  
  140  9:12  SCV x2  
  140  9:14  Refinery x2  
  140  9:16  Armory  
  148  9:17  Engineering Bay  
  148  9:18  Supply Depot  
  148  9:19  Supply Depot  
  148  9:24  Marauder, Viking x2  
  150  9:29  SCV  
  154  9:32  Marine, Marauder  
  154  9:37  Marine  
  157  9:40  Medivac, Marauder  
  155  9:46  Marine x2, Marauder  
  155  9:47  Viking  
  159  9:54  Marauder, Viking  
  151  10:03  Marine  
  151  10:04  Marauder  
  150  10:08  Marauder  
  150  10:09  Command Center  
  150  10:11  Terran Infantry Weapons Level 2  
  152  10:14  Marine  
  152  10:15  Medivac, Marauder  
  157  10:28  SCV  
  158  10:29  Marine x2, Marauder x2  
  164  10:40  Marine x2  
  164  10:41  Marauder, Viking x2  
  158  10:45  Ghost Academy  
  158  10:46  Marine  
  159  10:53  Medivac  
  159  10:54  Marine x2  
  159  10:55  Marauder  
  159  10:56  SCV  
  166  11:02  Supply Depot  
  166  11:03  Supply Depot  
  166  11:06  Marine x2  
  166  11:07  Marauder, Marine  
  171  11:13  Marauder  
  171  11:15  Enhanced Shockwaves  
  173  11:20  Marauder  
  175  11:31  Medivac  
  175  11:32  Medivac x2  
  183  11:36  Marine x2  
  159  11:52  Marine x2  
  161  11:56  Unknown  
  161  11:59  Viking  
  165  12:01  Viking  
  165  12:02  Unknown  
  166  12:10  Unknown  
  166  12:16  Marine  
  166  12:17  Marine x2  
  169  12:25  Unknown  
  114  12:31  Unknown  
Show
View Real Time Build Order
Export as new Build Order

llllllllllll Protoss - Winner!

Build Orders: 1 Gate Expand, Colossus Rush 

Get SALT Encoding   

  12  0:00  Probe  
  13  0:13  Probe  
  14  0:17  Pylon  
  14  0:25  Probe (Chrono Boost)  
  16  0:36  Probe (Chrono Boost)  
  16  0:38  Gateway  
  16  0:41  Probe  
  16  0:47  Assimilator  
  17  0:53  Probe  
  18  1:05  Probe  
  19  1:20  Nexus  
  19  1:23  Probe  
  20  1:34  Cybernetics Core  
  20  1:37  Probe  
  21  1:42  Assimilator  
  21  1:49  Probe  
  21  1:53  Pylon  
  22  2:01  Probe  
  23  2:08  Stalker (Chrono Boost)  
  23  2:13  Probe  
  23  2:15  Warp Gate  
  26  2:25  Probe  
  26  2:27  Robotics Facility  
  27  2:35  Probe  
  27  2:38  Probe (Chrono Boost)  
  27  2:39  Stalker  
  30  2:47  Probe (Chrono Boost)  
  32  2:55  Probe (Chrono Boost)  
  32  2:57  Probe (Chrono Boost)  
  33  3:02  Probe x2 (Chrono Boost)  
  35  3:11  Gateway  
  35  3:13  Probe x2  
  37  3:23  Observer (Chrono Boost)  
  37  3:25  Probe, Robotics Bay  
  37  3:26  Probe  
  40  3:31  Gateway  
  40  3:37  Probe  
  40  3:38  Probe  
  42  3:42  Warp Prism (Chrono Boost)  
  44  3:49  Probe  
  44  3:52  Pylon  
  46  3:55  Probe  
  46  3:57  Pylon  
  46  4:01  Assimilator  
  46  4:05  Gravitic Drive  
  46  4:09  Colossus (Chrono Boost)  
  46  4:10  Probe  
  46  4:16  Probe  
  54  4:21  Stalker  
  56  4:27  Stalker  
  58  4:39  Probe x2  
  58  4:43  Nexus  
  60  4:46  Observer  
  60  4:51  Probe x2  
  62  4:56  Pylon  
  62  4:57  Pylon  
  62  5:13  Colossus (Chrono Boost), Pylon  
  62  5:14  Probe, Gateway  
  62  5:15  Pylon  
  62  5:18  Probe  
  70  5:24  Twilight Council  
  70  5:26  Probe  
  71  5:50  Probe x2  
  71  5:52  Colossus (Chrono Boost)  
  71  5:54  Observer  
  79  5:57  Probe  
  79  5:58  Gateway  
  79  5:59  Gateway  
  79  6:01  Charge (Chrono Boost)  
  79  6:02  Probe x2  
  79  6:03  Assimilator  
  82  6:09  Probe, Gateway  
  83  6:12  Extended Thermal Lance  
  83  6:14  Probe x2  
  85  6:22  Probe  
  86  6:26  Probe x2, Stalker x2  
  86  6:30  Zealot x2  
  96  6:34  Probe  
  96  6:36  Immortal (Chrono Boost)  
  96  6:38  Probe x2  
  103  6:46  Probe  
  106  6:55  Forge x2  
  106  6:58  Zealot  
  106  7:05  Shield Battery  
  106  7:06  Shield Battery  
  106  7:08  Shield Battery  
  106  7:10  Shield Battery  
  106  7:13  Zealot  
  104  7:33  Zealot x5  
  104  7:34  Zealot  
  101  7:38  Protoss Ground Armor Level 1 (Chrono Boost)  
  101  7:39  Probe  
  101  7:40  Probe  
  101  7:41  Probe  
  102  7:52  Probe x2  
  102  7:53  Probe, Photon Cannon  
  102  7:54  Templar Archives  
  102  7:55  Protoss Ground Weapons Level 1 (Chrono Boost), Photon Cannon  
  102  7:58  Photon Cannon  
  105  8:01  Assimilator  
  105  8:03  Pylon  
  105  8:04  Probe x2, Photon Cannon  
  105  8:05  Assimilator, Probe  
  108  8:07  Pylon  
  108  8:19  Nexus, Pylon  
  108  8:20  Pylon  
  108  8:21  Psionic Storm  
  108  8:23  Pylon  
  108  8:24  Photon Cannon  
  108  8:25  Zealot x5  
  118  8:36  High Templar x2  
  122  8:46  High Templar x2  
  122  8:48  Zealot  
  128  8:49  High Templar x2  
  132  8:56  Pylon, Immortal  
  132  9:01  Gateway  
  136  9:02  Gateway  
  136  9:09  Zealot  
  138  9:10  Zealot x2  
  138  9:14  Gateway  
  138  9:16  Dark Shrine, Gateway  
  142  9:33  High Templar x2  
  142  9:36  Archon  
  144  9:40  Zealot x5  
  146  9:58  Stalker x2  
  134  10:05  Stalker x4  
  134  10:06  Stalker x2  
  142  10:14  Stalker  
  142  10:15  Stalker x2  
  148  10:22  Archon x2  
  148  10:24  Stalker x2  
  152  10:29  Zealot x5  
  152  10:30  Zealot  
  160  10:49  Zealot x5  
  170  10:58  Warp Prism (Chrono Boost)  
  170  11:03  Pylon  
  172  11:05  Pylon  
  172  11:15  Pylon  
  172  11:17  Pylon  
  172  11:18  Pylon  
  172  11:25  High Templar x6  
  176  11:26  High Templar  
  176  11:28  Observer  
  176  11:29  Archon x3  
  185  11:55  Zealot x4  
  179  12:27  Zealot x8  
  179  12:28  Zealot x3  
Tags
 
Add a new tag
Caveats
  • Supply blocks, unpowered buildings, or Contaminate may cause inaccurate times.
  • Supply counts are checked every 10 seconds.